 Dungeon Crawl Stone Soup version 0.26-a0-665-gefeb406119 (webtiles) character file.

Game seed: 2871865327023465398

25 grandjackal the Ducker (level 2, -1/23 HPs)
             Began as a Demonspawn Gladiator on Oct 15, 2020.
             Was an Initiate of Gozag.
             Shot with a stone by a goblin (2 damage)
             ... on level 2 of the Dungeon.
             The game lasted 00:01:04 (1377 turns).

grandjackal the Ducker (Demonspawn Gladiator)       Turns: 1377, Time: 00:01:04

Health: -1/23      AC:  4    Str: 14    XL:     2   Next: 82%
Magic:  2/2        EV: 13    Int:  9    God:    Gozag
Gold:   49         SH:  0    Dex: 14    Spells: 1/1 levels left

rFire    . . .     SeeInvis .   a - +0 long sword
rCold    . . .     Faith    .   (no shield)
rNeg     . . .     Spirit   .   b - +0 leather armour
rPois    .         Reflect  .   c - +0 helmet
rElec    .         Harm     .   (no cloak)
rCorr    .         Rampage  .   (no gloves)
MR       .....                  (no boots)
Stlth    +.........             (no amulet)
HPRegen  0.07/turn              g - ring of flight
MPRegen  0.08/turn              (no ring)

@: gold aura
A: demonic guardian 1
a: Potion Petition, Call Merchant, Bribe Branch, Renounce Religion, Evoke Flight


You were on level 2 of the Dungeon.
You worshipped Gozag.
Gozag was noncommittal.
You visited 1 branch of the dungeon, and saw 2 of its levels.

You collected 101 gold pieces.
You paid 52 gold pieces to Gozag.

Inventory:

Hand Weapons
 a - a +0 long sword (weapon)
Missiles
 d - 3 throwing nets (quivered)
Armour
 b - a +0 leather armour (worn)
 c - a +0 helmet (worn)
Jewellery
 g - a ring of flight (left hand)
Scrolls
 e - a scroll of identify {unknown}
Potions
 f - 2 potions of flight {unknown}
 h - a potion of heal wounds {unknown}
 i - a potion of might {unknown}


   Skills:
 + Level 2.5 Fighting
 + Level 3.1 Long Blades
 - Level 1.7 Throwing
 + Level 3.1 Dodging


You had one spell level left.
You didn't know any spells.
Your spell library was empty.

Dungeon Overview and Level Annotations

Branches:
Dungeon (2/15)

Altars:
Gozag


Innate Abilities, Weirdness & Mutations

A weak demonic guardian rushes to your aid.


Message History

The ball python constricts you. The worm bites you!
* * * LOW HITPOINT WARNING * * *
Unknown command.
You are too injured to fight recklessly!
Unknown command.
You are too injured to fight recklessly!
You are too injured to fight recklessly!
Unknown command.
You escape the ball python's grasp.
A goblin comes into view. It is wielding a +0 dagger.
The goblin shouts!
The goblin shoots a stone.
The stone hits you but does no damage.
The goblin shoots a stone.
The stone hits you but does no damage.
Your shadow imp gestures at the ball python.
The ball python writhes in agony!
The ball python dies!
You see here a stone.
The goblin shoots a stone.
The stone hits you.
You die...
Your body crumbles into a pile of gold.

#####....... ..##.....
#.#..... #....g##
#5.....#####
#..........##
########............
#......#($w.<....... .
#......@....w.####.## .
#......<.......###..# #
#.............g..##.## #
#......##.#....#.##..# #
#........_.(.......#.###
#.......#)#..###...#..##
#......#..#### ###......
#########.## ###...(
#..## ######!.


You could see 2 worms, 2 goblins and a friendly shadow imp (summoned).

Vanquished Creatures
  An ooze (D:2)
  A worm (D:2)
  A leopard gecko (D:1)
  A ball python (D:2)
  A goblin (D:2)
  3 hobgoblins
  A bat (D:1)
  2 frilled lizards (D:1)
  3 kobolds
  2 rats (D:1)
16 creatures vanquished.

Vanquished Creatures (collateral kills)
  A ball python (D:2)
1 creature vanquished.

Grand Total: 17 creatures vanquished

Notes
Turn   | Place    | Note
-------+----------+-------------------------------------------
     0 | D:1      | grandjackal the Demonspawn Gladiator began the quest for
                  | the Orb.
     0 | D:1      | Reached XP level 1. HP: 16/16 MP: 1/1
   566 | D:1      | Gained mutation: A weak demonic guardian rushes to your
                  | aid. [demonic ancestry]
   566 | D:1      | Reached XP level 2. HP: 18/22 MP: 2/2
   766 | D:2      | Found an opulent altar of Gozag.
   894 | D:2      | Became a worshipper of Gozag Ym Sagoz the Greedy
  1372 | D:2      | HP: 1/23 [worm (9)]
  1377 | D:2      | Shot with a stone by a goblin

Illustrated notes

Levels and vault maps discovered:
D:1:      dpeg_arrival_stonehenge_8_columns, layout_loops_ring
D:2:      layout_rooms, lemuel_crystal_altar, uniq_jessica

Skill      XL: |  1  2 |
---------------+-------+-----
Long Blades    | 3 |  3.1
Dodging        | 3 |  3.1
Fighting       | |  2.5
Throwing       | |  1.7

Action                   || total
-------------------------++-------
Melee: Long sword        ||    49
Armor: Leather armour    ||    22
Dodge: Dodged            ||    43
       Rpst.: Long sword ||    16

Table legend: (Time is in decaauts)
 A = Elapsed time spent in this place.
 B = Non-inter-level travel time spent in this place.
 C = Inter-level travel time spent in this place.
 D = Time resting spent in this place.
 E = Time spent auto-exploring this place.
 F = Levels seen in this place.
 G = Mean time per level.
                   A        B        C        D        E       F      G
               +--------+--------+--------+--------+--------+-----+--------+
         Total |   1390 |   1372 |     18 |    484 |    716 |   2 |  695.0 |
       Dungeon |   1390 |   1372 |     18 |    484 |    716 |   2 |  695.0 |
               +--------+--------+--------+--------+--------+-----+--------+

Top non-repeatable levels by time:
     D:1: 956 daAuts
     D:2: 433 daAuts
